AoeStats
← AutoEveryThing

Arabia

509851710Analyzed
2v2 RM · 4d ago on Sep 28, 2026· 31m 32s· 4 players
Game mode
Random Map
Map size
Medium (4 player)
Population
200
Speed
Normal
Resources
Standard
Victory
Conquest
Starting age
Dark Age
Ending age
Imperial Age
RankedLock teamsTeams togetherTeam positionsShared explorationLock speedFull tech treeHidden civsTurbo modeCheats
Victory
Defeat
🇨🇳 Spanish · China
1498
+12
🇦🇺 Chinese · Australia
1418
+15
🇨🇳 Bulgarians · China
1410
-14
🇨🇳 Varangians · China
1385
-13
快乐不易
7:05 Loom
9:11 Feudal Age
10:12 Double-Bit Axe
18:53 Scale Barding Armor
21:04 Horse Collar
25:17 Castle Age
26:01 Stone Mining
26:50 Bow Saw
28:50 Heavy Plow
29:22 Padded Archer Armor
29:26 Husbandry
AutoEveryThing
0:27 Loom
8:59 Feudal Age
11:49 Double-Bit Axe
19:01 Castle Age
19:03 Crossbowman
20:08 Fletching
21:15 Bodkin Arrow
23:35 Ballistics
25:20 Padded Archer Armor
老菜套
5:21 Loom
13:39 Feudal Age
15:40 Town Watch
17:40 Double-Bit Axe
17:35 Horse Collar
23:53 Castle Age
21:47 Gold Mining
22:27 Scale Barding Armor
22:53 Forging
25:25 Chain Barding Armor
st9901544
7:15 Loom
10:18 Feudal Age
13:48 Arson
17:30 Scale Mail Armor
19:46 Forging
26:18 Castle Age
25:53 Horse Collar
26:26 Double-Bit Axe
27:44 Iron Casting
27:25 Chain Mail Armor
28:07 Gold Mining
28:39 Squires
31:26 Gambesons
Connection lost

Rejoining the realm…

Still unreachable

The connection could not be restored.

Session expired

The server has moved on; the page needs a fresh start.